 Dungeon Crawl Stone Soup version 0.31-a0-971-g75a2e9a4b4 (webtiles) character file.

Game seed: 6842351894348205997

9 Azuregosa the Sneak (level 2, 0/21 HPs)
             Began as an Octopode Delver on Oct 28, 2023.
             Succumbed to a scorpion's poison
             ... on level 5 of the Dungeon.
             The game lasted 00:00:34 (66 turns).

Azuregosa the Sneak (Octopode Delver)                 Turns: 66, Time: 00:00:35

Health: 0/21       AC:  1    Str: 11    XL:     2   Next: 16%
Magic:  2/2        EV: 13    Int: 12    God:
Gold:   0          SH:  0    Dex: 13    Spells: 1/1 levels left

rFire   . . .        a - +0 falchion
rCold   . . .        (no shield)
rNeg    . . .        (helmet restricted)
rPois   .            (no amulet)
rElec   .            (no ring)
rCorr   .            (no ring)
SInv    .            (no ring)
Will    .....        (no ring)
Stlth   ++++         (no ring)
HPRegen 0.23/turn    (no ring)
MPRegen 0.08/turn    (no ring)
                     (no ring)

%: no passive effects
@: lethally poisoned (0 -> -8)
A: almost no armour, amphibious, 8 rings, camouflage 1, gelatinous body 1,
(nimble swimmer 1), tentacles
a: no special abilities


You were on level 5 of the Dungeon.
You visited 1 branch of the dungeon, and saw 1 of its levels.

Inventory:

Hand Weapons
 a - a +0 falchion (weapon)
Missiles
 g - 6 poisoned darts
Wands
 f - a wand of digging (3)
Scrolls
 b - a scroll of fog
 c - 2 scrolls of vulnerability {unknown}
 d - a scroll of fear
 h - a scroll of identify {unknown}
Potions
 e - a potion of haste


   Skills:
 - Level 3.0 Fighting
 - Level 2.0 Long Blades
 - Level 2.0 Dodging
 + Level 7.2 Stealth


You had one spell level left.
You didn't know any spells.
Your spell library was empty.

Dungeon Overview and Level Annotations

Branches:
Dungeon (5/15)
 Temple: D:4-7

Altars:
Yredelemnul


Innate Abilities, Weirdness & Mutations

You cannot wear most types of armour.
You are amphibious.
You can wear up to eight rings at the same time.
Your skin changes colour to match your surroundings (Stealth+).
Your rubbery body absorbs attacks. (AC +1, EV +1)
((You are camouflaged when in or above water. (Stealth+)))
You have tentacles for arms and can constrict up to eight enemies at once.


Message History

An adder comes into view.
Found a scroll labelled TUTUMU BUPHOL.
The adder hisses angrily.
You miss the adder. You grab the adder. You constrict the adder.
The adder closely misses you.
You hit the adder.
The adder is heavily wounded.
You constrict the adder. The adder misses you.
The adder bites you but does no damage.
You hit the adder. Your squeeze misses the adder.
The adder is almost dead.
You constrict the adder.
You kill the adder!
Your Stealth skill increases to level 7!
You have reached level 2!
You see here an adder corpse.
h - a scroll labelled TUTUMU BUPHOL A quokka comes into view.
A scorpion comes into view.
Found a basalt altar of Yredelemnul.
The scorpion attacks as it pursues you! The scorpion misses you.
The scorpion attacks as it pursues you! The scorpion stings you.
You are poisoned.
The scorpion poisons you!
You feel sick. The scorpion attacks as it pursues you! The scorpion stings you!
You are lethally poisoned!
The scorpion poisons you!
You feel very sick. The scorpion barely misses you.
* * * LOW HITPOINT WARNING * * *
You feel very sick. The quokka attacks as it pursues you!
The quokka barely misses you.
You hit the scorpion but do no damage. You grab the scorpion.
Your tentacle-slap misses the scorpion.
Your squeeze misses the scorpion.
You constrict the scorpion, but do no damage.
* * * LOW HITPOINT WARNING * * *
You feel sick. The scorpion barely misses you. The quokka closely misses you.
You barely miss the scorpion.
You constrict the scorpion, but do no damage.
You die...

*,..P.~≈~~~...# *,******* **
*****,...~~≈~~≈~..# *,,,*
,,,**,P~~~≈≈~≈≈≈~.######,********
,,,***.~~≈≈≈~≈≈~~......#,,**,,,,*
,,,***.P~~≈~≈~~≈.......#*,**,,,,*
,,,*,,...♣~≈~~~........+,,,+,,,,*
,,,*,*P....~~..P..†....##.**,..,*
,,,,,,PP....P.P...####.#..,,...,*
**,,,,.....####.@.# #.#..,....,,
*,,,,....** #rs.# #.#.##..###*
*,,,,...,* #...# #.#.......##
***,,..,** ###...## #.#...,,....
*,,.,,* #......# #.#.#####.##
*,,,..####.#....# #.........##
*,,,............# ###.###.....
**,,,.####......#***#.# #.....
*,,,,***#.###..#,,,#.# #.....


You could see a scorpion and a quokka.

Vanquished Creatures
  An adder (D:5)
1 creature vanquished.

Notes
Turn   | Place    | Note
-------+----------+-------------------------------------------
     0 | D:5      | Azuregosa the Octopode Delver began the quest for the Orb.
     0 | D:5      | Reached XP level 1. HP: 16/16 MP: 1/1
    41 | D:5      | Reached skill level 7 in Stealth
    41 | D:5      | Reached XP level 2. HP: 21/21 MP: 2/2
    56 | D:5      | Noticed a scorpion
    57 | D:5      | Found a basalt altar of Yredelemnul.
    66 | D:5      | Succumbed to a scorpion's poison

Illustrated notes

Levels and vault maps discovered:
D:5:      minmay_opposing_rooms, layout_basic, nicolae_overflow_crystal_walls,
          gammafunk_temple_overflow_elements, guppyfry_early_lair_pool

Skill      XL: |  1 |
---------------+----+-----
Stealth        | 7 |  7.2
Fighting       | |  3.0
Long Blades    | |  2.0
Dodging        | |  2.0

Action                     || total
---------------------------++-------
  Melee: Falchion          ||     5
         Constrict         ||     2
    Use: Scroll            ||     1
 Armour: Skin              ||     3
  Dodge: Dodged            ||     7

Table legend: (Time is in decaauts)
 A = Elapsed time spent in this place.
 B = Non-inter-level travel time spent in this place.
 C = Inter-level travel time spent in this place.
 D = Time resting spent in this place.
 E = Time spent auto-exploring this place.
 F = Levels seen in this place.
 G = Mean time per level.
                   A        B        C        D        E       F      G
               +--------+--------+--------+--------+--------+-----+--------+
         Total |     66 |     66 |      0 |      0 |      0 |   1 |   66.0 |
       Dungeon |     66 |     66 |      0 |      0 |      0 |   1 |   66.0 |
               +--------+--------+--------+--------+--------+-----+--------+

Top non-repeatable levels by time:
     D:5: 66 daAuts
